 Dungeon Crawl Stone Soup version 0.21-a0-507-ga8f6b7a (webtiles) character file.

58 kae the Ruffian (level 3, -4/36 HPs)
             Began as a Troll Monk on Nov 27, 2017.
             Slain by Sigmund
             ... wielding a +0 scythe of venom
              (11 damage)
             ... on level 2 of the Dungeon.
             The game lasted 00:01:38 (1190 turns).

kae the Ruffian (Troll Monk)                        Turns: 1190, Time: 00:01:39

Health: -4/36      AC:  5    Str: 19    XL:     3   Next: 76%
Magic:  2/2        EV: 11    Int:  6    God:
Gold:   55         SH:  0    Dex: 13    Spells: 2/2 levels left

rFire    . . .     SeeInvis .     - Unarmed
rCold    . . .     Gourm    +   (no shield)
rNeg     . . .     Faith    .   a - +0 robe
rPois    .         Spirit   .   (helmet restricted)
rElec    .         Reflect  .   (no cloak)
rCorr    .         Harm     .   (gloves unavailable)
MR       .....                  (boots unavailable)
Stlth    ++........             (no amulet)
HPRegen  0.52/turn              (no ring)
MPRegen  0.08/turn              (no ring)

@: lethally poisoned (-4 -> -16)
A: large, unfitting armour, claws 3, fast metabolism 3, gourmand, regeneration
1, shaggy fur 1, tough skin 2
a: no special abilities


You were on level 2 of the Dungeon.
You were not hungry.

You visited 1 branch of the dungeon, and saw 2 of its levels.

You collected 55 gold pieces.

Inventory:

Armour
 a - a +0 robe (worn)
Wands
 e - a wand of disintegration (14)
 f - a wand of flame (30)
Scrolls
 g - 2 scrolls of magic mapping
 m - a scroll of identify
Potions
 h - 2 potions of flight
 l - a potion of haste {unknown}
 n - a potion of resistance {unknown}
Comestibles
 b - 2 bread rations
 d - a meat ration
 j - 2 fruits
 k - 2 royal jellies


   Skills:
 + Level 2.8 Fighting
 + Level 2.9 Dodging
 - Level 1.0 Stealth
 * Level 3.9 Unarmed Combat


You had 2 spell levels left.
You didn't know any spells.

Dungeon Overview and Level Annotations

Branches:
Dungeon (2/15)

Altars:

Annotations:
D:2 Sigmund


Innate Abilities, Weirdness & Mutations

You are too large for most types of armour.
You have claws for hands.
Your metabolism is lightning-fast.
You like to eat raw meat.
Your natural rate of healing is unusually fast.
You are covered in fur. (AC +1)
You have very tough skin. (AC +2)


Message History

You feel sick.
You scratch Sigmund but do no damage.
Sigmund is moderately wounded.
Sigmund hits you with a scythe of venom!
You are more poisoned.
You scratch Sigmund.
Sigmund is heavily wounded.
* * * LOW HITPOINT WARNING * * *
You feel sick. Sigmund hits you but does no damage.
You are lethally poisoned!
You scratch Sigmund.
Sigmund is severely wounded.
* * * LOW HITPOINT WARNING * * *
You feel sick.
You closely miss Sigmund.
Sigmund is severely wounded.
* * * LOW HITPOINT WARNING * * *
You feel sick.
Sigmund hits you with a scythe of venom!
You die...

#.# *,***#....
#######[# *,* #.###
#.......# *,* #.#..
#.#########.* #.#..
#.# *.......* #.#'#
#.# *.......* #....
#.###.......***#.#+#
#.#.@.......,,*#.#,,
#.#@#.......*,*#.#,,
#.#.#.......*,*#.###
#.#.#.......*,*#....
#.#.####.###*,*#.###
#.#.####.#**,*,#.#..
#..........,***#.#8.
###.#####.#*,*,#.###
#.# *,***,*#.... #.#
*,* *,*#####


You could see Sigmund.

Vanquished Creatures
  2 adders (D:2)
  2 worms (D:2)
  A ball python (D:1)
  2 giant cockroaches (D:1)
  4 hobgoblins
  7 kobolds
  6 bats
  5 frilled lizards
  3 goblins
  4 rats
36 creatures vanquished.

Notes
Turn   | Place    | Note
-------+----------+-------------------------------------------
     0 | D:1      | kae the Troll Monk began the quest for the Orb.
     0 | D:1      | Reached XP level 1. HP: 22/22 MP: 0/0
   212 | D:1      | Reached XP level 2. HP: 29/29 MP: 1/1
   650 | D:2      | Reached XP level 3. HP: 36/36 MP: 2/2
  1161 | D:2      | Noticed Sigmund
  1190 | D:2      | Slain by Sigmund

Vault maps used:
D:1:      giann_forest_graveyard, minmay_door_square, minivault_26
D:2:      minmay_door_path, uniq_sigmund

Action                   || total
-------------------------++-------
Melee: Unarmed           ||   128
  Use: Scroll            ||     6
       Potion            ||     2
 Stab: Sleeping          ||     7
  Eat: Chunk             ||    12
Armor: Robe              ||    33
Dodge: Dodged            ||    70

Table legend:
 A = Spawn XP
 B = Non-spawn XP
 C = Spawn XP percentage of total XP
 D = Spawn monster count
 E = Non-spawn monster count
 F = Spawn count percentage of total count
 G = Total turns spent on level
                    A         B        C        D         E        F      G
               +---------+---------+-------+---------+---------+-------+---------
         Total |       0 |      84 |   0.0 |       0 |      36 |   0.0 |  1190
               +---------+---------+-------+---------+---------+-------+---------
           D:1 |       0 |      27 |   0.0 |       0 |      17 |   0.0 |   580
           D:2 |       0 |      57 |   0.0 |       0 |      19 |   0.0 |   610
               +---------+---------+-------+---------+---------+-------+---------
